 Dungeon Crawl Stone Soup version 0.30.1-4-g462c640d31 (webtiles) character file.

Game seed: 16128477989819895476

207447 GordonOverkill the Stormcaller (level 18, -4/98 HPs)
             Began as a Spriggan Transmuter on Aug 18, 2023.
             Was the Champion of Vehumet.
             Shot with a bolt by a yaktaur (30 damage)
             ... led by a yaktaur captain
             ... on level 1 of the Vaults.
             The game lasted 01:34:05 (62355 turns).

GordonOverkill the Stormcaller (SpTm)              Turns: 62355, Time: 01:34:05

Health: -4/98      AC:  9    Str:  6    XL:     18   Next: 10%
Magic:  39/50      EV: 21    Int: 29    God:    Vehumet [******]
Gold:   3078       SH:  0    Dex: 20    Spells: 25/53 levels left

rFire   . . .        h - staff of air "Sugenlit" {Fly rElec rC+ rCorr Dex+3}
rCold   + + .        (shield currently unavailable)
rNeg    . . .        K - +2 robe {rC+}
rPois   .            H - +2 hat {Stlth+}
rElec   +            G - +2 cloak {Will+}
rCorr   +            (gloves unavailable)
SInv    +            (boots unavailable)
Will    ++++.        e - amulet of Edosioc {RegenMP Int+2}
Stlth   +++          f - +6 ring of intelligence
HPRegen 0.36/turn    C - ring of magical power
MPRegen 0.72/turn

%: no passive effects
@: flying, very quick
A: very small, no large weapons, unfitting armour, see invisible, speed 3
}: 1/15 runes: serpentine
a: Renounce Religion


You were on level 1 of the Vaults.
You worshipped Vehumet.
Vehumet was exalted by your worship.
You visited 6 branches of the dungeon, and saw 28 of its levels.
You also visited: Ossuary and Bailey.

You collected 3438 gold pieces.
You spent 360 gold pieces at shops.

Inventory:

Missiles
 m - 44 poisoned darts
 W - 4 curare-tipped darts (quivered)
Armour
 z - a +2 robe of willpower
 G - a +2 cloak of willpower (worn)
 H - a +2 hat of stealth (worn)
 K - a +2 robe of cold resistance (worn)
Magical Staves
 h - the staff of air "Sugenlit" (weapon) {Fly rElec rC+ rCorr Dex+3}
   (You acquired it on level 7 of the Dungeon)

   [staff of air]

   Base accuracy: +5 Base damage: 5 Base attack delay: 1.2 This weapon's minimum
   attack delay (0.6) is reached at skill level 12.
   Dex:       It affects your dexterity (+3).
   rC:        It protects you from cold.
   rElec:     It insulates you from electricity.
   Fly:       It grants you flight.
   rCorr:     It protects you from acid and corrosion.
   It falls into the 'Staves' category.
   It is a two-handed weapon.
Jewellery
 c - a ring of protection from cold
 e - the amulet of Edosioc (around neck) {RegenMP Int+2}
   (You found it on level 1 of the Lair of Beasts)

   [amulet of magic regeneration]

   It increases your rate of magic regeneration.
   Int:       It affects your intelligence (+2).
 f - a +6 ring of intelligence (left hand)
 C - a ring of magical power (right hand)
 D - a ring of flight
 E - a ring of protection from cold
 F - a ring of wizardry
Wands
 a - a wand of flame (76)
 i - a wand of digging (4)
 N - a wand of mindburst (13)
 P - a wand of roots (15)
 Q - a wand of charming (22)
 T - a wand of light (6)
Scrolls
 d - 7 scrolls of enchant armour
 g - 2 scrolls of torment
 k - 5 scrolls of poison
 l - 2 scrolls of enchant weapon
 o - 2 scrolls of summoning
 w - 2 scrolls of silence
 y - 7 scrolls of magic mapping
 A - 5 scrolls of vulnerability
 B - 7 scrolls of amnesia
 I - 6 scrolls of immolation
 J - 7 scrolls of teleportation
 U - 3 scrolls of fog
Potions
 b - 6 potions of lignification
 j - 7 potions of might
 n - 2 potions of brilliance
 p - 5 potions of invisibility
 q - 3 potions of cancellation
 r - 3 potions of attraction
 s - 8 potions of heal wounds
 t - 6 potions of flight
 u - 10 potions of curing
 v - 3 potions of mutation
 x - 4 potions of resistance
 R - a potion of ambrosia
 S - 3 potions of berserk rage
 X - 2 potions of magic
 Z - a potion of haste
Miscellaneous
 L - a phantom mirror
 M - a box of beasts
 O - a phial of floods
 V - a tin of tremorstones (2/2)


   Skills:
 - Level 12.0 Fighting
 - Level 1.0 Throwing
 - Level 6.0 Dodging
 - Level 2.5 Unarmed Combat
 - Level 18.0 Spellcasting
 + Level 10.4 Conjurations
 - Level 3.0 Transmutations
 - Level 5.0 Ice Magic
 - Level 20.0 Air Magic
 - Level 4.0 Evocations


You had 25 spell levels left.
You knew the following spells:

 Your Spells              Type           Power      Damage    Failure   Level
a - Apportation           Tloc           52%        N/A       1%          1
b - Shock                 Conj/Air       100%       1d9       0%          1
c - Airstrike             Air            59%        2d(9-25)  0%          4
d - Freezing Cloud        Conj/Ice/Air   48%        6-21      1%          5
e - Maxwell's Capacitive  Air            59%        ∞         1%          8
f - Chain Lightning       Conj/Air       53%        3d71      58%         9

Your spell library contained the following spells:

 Spells                   Type           Power      Damage    Failure   Level
 Plasma Beam              Fire/Air       45%        2x1d65    1%          6
 Swiftness                Air            100%       N/A       0%          3
 Beastly Appendage        Tmut           86%        N/A       1%          1
 Necrotise                Necr           100%       1d9       1%          1
 Slow                     Hex            100%       N/A       1%          1
 Summon Small Mammal      Summ           100%       N/A       1%          1
 Poisonous Vapours        Pois/Air       100%       N/A       1%          2
 Wereblood                Tmut           43%        N/A       1%          2
 Dazzling Flash           Conj/Hex       100%       N/A       1%          3
 Frozen Ramparts          Ice            100%       1d16      1%          3
 Mephitic Cloud           Conj/Pois/Air  91%        N/A       1%          3
 Vhi's Electric Charge    Tloc/Air       100%       N/A       1%          3
 Volatile Blastmotes      Fire/Tloc      52%        2d14      1%          3
 Fulminant Prism          Conj/Hex       27%        3d14      1%          4
 Iskenderun's Mystic Bla  Conj/Tloc      54%        2d12      1%          4
 Arcjolt                  Conj/Air       53%        1d63      1%          5
 Silence                  Hex/Air        45%        N/A       1%          5
 Lesser Beckoning         Tloc           52%        N/A       2%          2
 Sublimation of Blood     Necr           26%        N/A       2%          2
 Spider Form              Tmut/Pois      34%        N/A       2%          3
 Ice Form                 Ice/Tmut       49%        N/A       3%          4
 Confusing Touch          Hex            26%        N/A       4%          3
 Gell's Gravitas          Tloc           26%        N/A       4%          3
 Teleport Other           Tloc           26%        N/A       4%          3
 Tukima's Dance           Hex            26%        N/A       4%          3
 Vampiric Draining        Necr           26%        2d7       4%          3
 Summon Ice Beast         Ice/Summ       40%        N/A       6%          4
 Yara's Violent Unravell  Hex/Tmut       17%        3d8       7%          5
 Starburst                Conj/Fire      27%        6d9       9%          6
 Lee's Rapid Deconstruct  Erth           13%        3d9*      12%         5
 Passage of Golubria      Tloc           26%        N/A       16%         4
 Agony                    Necr           26%        N/A       41%         5
 Lehudib's Crystal Spear  Conj/Erth      27%        10d7      95%         8
 Summon Hydra             Summ           13%        N/A       100%        7
 Fire Storm               Conj/Fire      27%        8d7       100%        9
 Shatter                  Erth           13%        3d13*     100%        9


Dungeon Overview and Level Annotations

Branches:
Dungeon (15/15)            Temple (1/1) D:4            Lair (5/5) D:10
  Swamp (0/4) Lair:2        Snake (4/4) Lair:3        Slime (0/5) Lair:4
    Orc (2/2) D:10            Elf (0/3) Orc:2        Vaults (1/5) D:14
 Depths (0/4) D:15        Ossuary (visited)          Bailey (visited)

Altars:
Ashenzari
Cheibriados
Dithmenos
Elyvilon
Fedhas
Gozag
Hepliaklqana
Kikubaaqudgha
Makhleb
Nemelex Xobeh
Okawaru
Qazlal
Ru
Sif Muna
Trog
Uskayaw
Vehumet
Wu Jian
Xom
Yredelemnul
Zin
The Shining One

Shops:
D:8 **   D:9 (   D:10 [(   D:11 *   D:15 =   Orc:2 ==:*(   Snake:1 (

Annotations:
D:12 2 transporters, dondy's ghost, journeyman MiGl
Snake:3 1 runed translucent door


Innate Abilities, Weirdness & Mutations

You are very small and have problems with some larger weapons.
You are too small for most types of armour.
You have supernaturally acute eyesight. (SInv)
You cover ground extremely quickly. (Speed+++)


Message History

You feel a surge of power!
The air twists around and strikes the yaktaur!!
The yaktaur is severely wounded.
The yaktaur captain shouts!
You hear a shout! x2
A yaktaur comes into view. x2
The yaktaur captain wields a +0 arbalest.
The yaktaur captain shoots a bolt.
The bolt hits you!!
The yaktaur is engulfed in freezing vapours.
You kill the yaktaur!
Vehumet accepts your kill.
You feel your power returning.
Casting: Airstrike (safe; 0% risk of failure)
Confirm with . or Enter, or press ? or * to list all spells.
Aiming: Freezing Cloud (safe; 1% risk of failure)
Press: ? - help, Dir - move target You feel a surge of power!
The yaktaur shouts!
The yaktaur is engulfed in freezing vapours. x2
The yaktaur wields a +0 arbalest.
The yaktaur shoots a bolt.
The bolt closely misses you.
The yaktaur captain is engulfed in freezing vapours.
The yaktaur captain shoots a bolt.
The bolt hits you!!
* * * LOW HITPOINT WARNING * * *
Casting: Freezing Cloud (safe; 1% risk of failure)
Confirm with . or Enter, or press ? or * to list all spells.
Aiming: Airstrike (safe; 0% risk of failure)
Press: ? - help, Dir - move target, f - yaktaur
Aim: a yaktaur (freezing vapour, moderately wounded, empty space bonus: 8/8)
You feel a surge of power!
The air twists around and strikes the yaktaur!!
The yaktaur is severely wounded.
The yaktaur is engulfed in freezing vapours.
The yaktaur wields a +0 arbalest.
The yaktaur shoots a bolt.
The bolt barely misses you.
The yaktaur captain is engulfed in freezing vapours.
The yaktaur captain shoots a bolt.
The bolt hits you!!
* * * LOW HITPOINT WARNING * * *
The yaktaur is engulfed in freezing vapours.
The yaktaur shoots a bolt.
The bolt hits you!!
You die...

#......# #......#
#......#
.##############'########
c.§§....................
c§§.....................
§§§.....................
§c§.....................
§§§....@................
§##########'##########'#
#..# #.. ###..#### #..
#..###..# #.. #..'.'..#
#.. ####'#'#### #.)
#..#.'..# #.. #..#+#..#
###'#


You could see a yaktaur captain and 2 yaktaurs.

Vanquished Creatures
  Gastronok (D:12)
  Frances (D:13)
  5 nagarajas
  5 ironbound preservers (Vaults:1)
  An orc warlord (Orc:1)
  An ironbound thunderhulk (Vaults:1)
  2 dire elephants
  An ettin (Orc:2)
  Josephine (D:11)
  A great orb of eyes (Vaults:1)
  Erolcha (D:12)
  Fannar (D:10)
  8 vault guards
  An ice dragon (Lair:5)
  6 centaur warriors
  A salamander tyrant (Snake:3)
  An ogre mage (D:15)
  3 catoblepae
  9 hydras
  A death knight (D:14)
  5 boulder beetles
  13 anacondas
  17 naga warriors
  6 two-headed ogres
  5 death yaks (Lair:3)
  Sonja (Lair:3)
  3 orc high priests
  13 naga sharpshooters
  Urug (D:11)
  6 shock serpents
  4 skeletal warriors
  2 skysharks
  Lodul (D:12)
  A fire crab (shapeshifter) (D:15)
  4 salamander mystics
  14 deep trolls (Vaults:1)
  7 naga ritualists
  3 lindwurms
  A necromancer (Vaults:1)
  2 ironbound convokers (Vaults:1)
  A phantasmal warrior (D:14)
  A wolf spider (D:15)
  3 orc knights
  3 deep elf zephyrmancers (D:13)
  9 deep elf pyromancers
  A tengu skeleton (Vaults:1)
  15 ugly things
  9 cyclopes
  12 mana vipers
  5 manticores
  38 black mambas
  14 salamanders
  10 elephants
  Joseph (D:8)
  5 torpor snails (Lair:5)
  A vault sentinel (Vaults:1)
  4 guardian serpents
  2 gargoyles
  15 naga magi
  3 unseen horrors
  An unseen horror (shapeshifter) (D:15)
  9 cane toads
  10 rime drakes
  2 yaktaurs
  A kobold demonologist (D:10)
  2 efreet
  10 komodo dragons
  A freezing wraith (D:14)
  3 trolls
  12 polar bears
  A polar bear (shapeshifter) (D:15)
  11 blink frogs
  A raiju (Lair:5)
  10 hornets
  Prince Ribbit (D:8)
  5 tyrant leeches
  6 dream sheep
  A jumping spider (shapeshifter) (D:15)
  A centaur simulacrum (D:14)
  2 human simulacra (Vaults:1)
  A slime creature (Vaults:1)
  An ettin skeleton (Vaults:1)
  43 yaks
  A shadow (D:9)
  9 wraiths
  13 wyverns
  9 vampire mosquitoes
  A yaktaur simulacrum (Vaults:1)
  Menkaure (D:7)
  3 steam dragons
  45 nagas
  7 basilisks
  7 wargs
  2 swamp worms (Lair:2)
  15 hell hounds
  2 acid dragons
  16 water moccasins
  Duvessa (D:6)
  43 orc warriors
  2 ice beasts
  12 black bears
  16 ogres
  13 wolves (Lair:5)
  20 centaurs
  A phantom (D:6)
  3 kobold brigands
  A gnoll sergeant (D:12)
  11 bullfrogs
  5 scorpions
  9 wights
  Dowan (D:6)
  A killer bee (D:8)
  5 howler monkeys
  7 electric eels
  6 hounds
  2 human zombies (Ossuary)
  2 jellies (D:5)
  8 orc priests
  2 sleepcaps
  Crazy Yiuf (D:6)
  3 iguanas
  18 orc wizards
  8 hell rats (D:14)
  Terence (D:3)
  A statue (D:3)
  3 mummies (Ossuary)
  Robin (D:4)
  7 adders
  12 gnolls
  A shadow imp (D:8)
  A white imp (D:7)
  2 ufetubi
  A worm (D:3)
  60 orcs
  6 ball pythons
  6 bats
  7 endoplasms
  3 giant cockroaches
  18 goblins
  16 hobgoblins
  20 kobolds
  2 quokkas
  A frilled lizard (D:1)
  A hobgoblin zombie (Ossuary)
  7 kobold zombies (Ossuary)
  8 rats
964 creatures vanquished.

Vanquished Creatures (collateral kills)
  An entropy weaver (Vaults:1)
  A deep troll (Vaults:1)
  A yaktaur (Vaults:1)
3 creatures vanquished.

Grand Total: 967 creatures vanquished

Notes
Turn   | Place    | Note
-------+----------+-------------------------------------------
     0 | D:1      | GordonOverkill the Spriggan Transmuter began the quest for
                  | the Orb.
     0 | D:1      | Reached XP level 1. HP: 9/9 MP: 5/5
   410 | D:1      | Reached skill level 1 in Fighting
   442 | D:1      | Reached XP level 2. HP: 14/14 MP: 4/6
  1034 | D:1      | Learned a level 1 spell: Shock
  2188 | D:2      | Reached XP level 3. HP: 18/18 MP: 0/8
  2534 | D:2      | Reached skill level 1 in Throwing
  2874 | D:2      | Reached skill level 1 in Air Magic
  3730 | D:3      | Found a radiant altar of Vehumet.
  3757 | D:3      | Noticed Terence
  4203 | D:3      | Reached XP level 4. HP: 22/22 MP: 10/10
  4879 | D:3      | Noticed a charred statue
  5228 | D:3      | Killed Terence
  5229 | D:3      | Reached skill level 2 in Air Magic
  5485 | D:4      | Found a shimmering blue altar of Sif Muna.
  5497 | D:4      | Identified the +0 robe of Courage {Dex+2}
  5516 | D:4      | Learned a level 4 spell: Airstrike
  5589 | D:4      | Found a hide-covered altar of Uskayaw.
  5686 | D:4      | Noticed Robin
  5688 | D:4      | Reached XP level 5. HP: 25/25 MP: 7/12
  5693 | D:4      | Found a sparkling altar of Nemelex Xobeh.
  5851 | D:4      | Killed Robin
  6392 | D:4      | Found a staircase to the Ecumenical Temple.
  6409 | Temple   | Entered the Ecumenical Temple
  6623 | D:4      | Found a hazy altar of Hepliaklqana.
  6823 | D:4      | Reached skill level 3 in Air Magic
  6839 | D:4      | Reached skill level 5 in Spellcasting
  6930 | D:4      | Found a burning altar of Makhleb.
  7690 | D:5      | Entered Level 5 of the Dungeon
  7788 | D:4      | Reached XP level 6. HP: 18/30 MP: 3/14
  7888 | D:5      | Reached skill level 4 in Air Magic
  7975 | D:5      | Identified the +7 plate armour of the Stone Wall {Will++
                  | Str+3 Dex-3}
  8395 | D:5      | Reached skill level 5 in Air Magic
  9082 | D:5      | Noticed an ice beast
  9101 | D:5      | Killed an ice beast
  9102 | D:5      | Reached XP level 7. HP: 33/33 MP: 6/15
  9789 | D:5      | Reached skill level 6 in Air Magic
 10419 | D:6      | Reached skill level 7 in Air Magic
 10523 | D:6      | Reached XP level 8. HP: 37/37 MP: 1/16
 10948 | D:6      | Found a sacrificial altar of Ru.
 11236 | D:6      | Reached skill level 8 in Air Magic
 11967 | D:6      | Noticed Duvessa
 11967 | D:6      | Noticed Dowan
 12217 | D:6      | Killed Duvessa
 12410 | D:6      | Killed Dowan
 12958 | D:6      | Found a runed translucent door.
 12959 | D:6      | Noticed Crazy Yiuf
 12963 | D:6      | Killed Crazy Yiuf
 12973 | D:6      | Identified the +2 hammer of the Abyss {protect, rC+}
 13188 | D:3      | Reached skill level 9 in Air Magic
 13202 | D:3      | Became a worshipper of Vehumet
 13575 | D:7      | Noticed Menkaure
 13578 | D:7      | Killed Menkaure
 13579 | D:7      | Reached XP level 9. HP: 41/41 MP: 20/21
 13590 | D:7      | Found a sand-covered staircase.
 13597 | Ossuary  | Entered an ossuary
 14686 | D:7      | Reached * piety under Vehumet
 14686 | D:7      | Offered knowledge of Freeze by Vehumet.
 14689 | D:7      | Learned a level 1 spell: Apportation
 14695 | D:7      | Learned a level 5 spell: Freezing Cloud
 15256 | D:7      | Identified a scroll of acquirement
 15258 | D:7      | Acquired the staff of air "Sugenlit" {Fly rElec rC+ rCorr
                  | Dex+3}
 15305 | D:8      | Found Gozag's Platinum Reserve.
 15305 | D:8      | Found an opulent altar of Gozag.
 15351 | D:8      | Reached skill level 1 in Conjurations
 15351 | D:8      | Reached skill level 1 in Ice Magic
 15466 | D:8      | Found a flagged portal.
 15494 | Bailey   | Entered a bailey
 15508 | Bailey   | Noticed an orc knight
 15533 | Bailey   | Killed an orc knight
 16381 | Bailey   | Noticed an orc high priest
 16386 | Bailey   | Killed an orc high priest
 16387 | Bailey   | Reached skill level 10 in Air Magic
 16387 | Bailey   | Reached XP level 10. HP: 48/48 MP: 19/24
 16572 | Bailey   | Acquired Maxwell's Memoranda
 16762 | Bailey   | Offered knowledge of Kiss of Death by Vehumet.
 16862 | Bailey   | Reached ** piety under Vehumet
 16863 | Bailey   | Noticed an orc high priest
 16905 | Bailey   | Noticed a sixfirhy
 16906 | Bailey   | Noticed a soul eater
 17077 | Bailey   | Killed an orc high priest
 17183 | Bailey   | Found an iron altar of Okawaru.
 17238 | Bailey   | Reached skill level 13 in Air Magic
 17238 | Bailey   | Reached XP level 11. HP: 52/52 MP: 25/25
 17494 | D:8      | Identified the +7 plate armour of Liberalism {Regen+ Str+6
                  | Stlth-}
 17792 | D:8      | Noticed a deep elf pyromancer
 17792 | D:8      | Noticed a boulder beetle
 17813 | D:8      | Identified the ring "Ulops" {Fly MP-9 Int+5 Dex+5}
 17813 | D:8      | Noticed a centaur warrior
 17825 | D:8      | Killed a centaur warrior
 18214 | D:8      | Reached skill level 10 in Spellcasting
 18250 | D:8      | Identified the staff of death "Pusela Noqo" {rN+ Str+4
                  | Int+3}
 18421 | D:8      | Noticed Joseph
 18428 | D:8      | Killed Joseph
 18460 | D:8      | Noticed Prince Ribbit
 18465 | D:8      | Found Jopli's General Store.
 18477 | D:8      | Offered knowledge of Ignite Poison by Vehumet.
 19145 | D:8      | Found a bloodstained altar of Trog.
 19308 | D:8      | Killed a boulder beetle
 19446 | D:8      | Killed a deep elf pyromancer
 19453 | D:8      | Killed Prince Ribbit
 20030 | D:9      | Found Bimaroqacw's Antique Weapon Boutique.
 20046 | D:9      | Noticed a two-headed ogre
 20049 | D:9      | Killed a two-headed ogre
 20050 | D:9      | Reached skill level 5 in Fighting
 20050 | D:9      | Reached skill level 5 in Ice Magic
 20089 | D:9      | Reached *** piety under Vehumet
 20160 | D:9      | Reached XP level 12. HP: 46/60 MP: 19/27
 20248 | D:9      | Learned a level 8 spell: Maxwell's Capacitive Coupling
 20426 | D:9      | Reached skill level 5 in Conjurations
 20553 | D:9      | Found a shimmering altar of Xom.
 20553 | D:9      | Found a shimmering altar of Xom.
 20555 | D:9      | Found a shimmering altar of Xom.
 20555 | D:9      | Found a shimmering altar of Xom.
 20556 | D:9      | Found a shimmering altar of Xom.
 20556 | D:9      | Found a shimmering altar of Xom.
 20556 | D:9      | Found a shimmering altar of Xom.
 21395 | D:9      | Found a glowing golden altar of the Shining One.
 21534 | D:10     | Entered Level 10 of the Dungeon
 22309 | D:10     | Found Xyxeangi's Weapon Boutique.
 22309 | D:10     | Found a staircase to the Orcish Mines.
 22310 | D:10     | Offered knowledge of Volatile Blastmotes by Vehumet.
 22448 | D:10     | Found Foisch's Armour Boutique.
 22487 | D:10     | Noticed Fannar
 22511 | D:10     | Killed Fannar
 22898 | D:10     | Found a staircase to the Lair.
 23547 | D:11     | Noticed Urug
 23552 | D:11     | Killed Urug
 23837 | D:11     | Noticed Josephine
 23839 | D:11     | Reached **** piety under Vehumet
 23844 | D:11     | Killed Josephine
 24674 | D:11     | Found Hewnijacw's General Store.
 24846 | D:12     | Noticed Erolcha
 24912 | D:12     | Offered knowledge of Sticky Flame by Vehumet.
 25185 | D:12     | Noticed Gastronok
 25193 | D:12     | Killed Gastronok
 25194 | D:12     | Reached skill level 14 in Air Magic
 25553 | D:12     | Found a transporter.
 25558 | D:12     | Found a transporter.
 25559 | D:12     | Noticed dondy's ghost (journeyman MiGl)
 25687 | D:12     | Noticed Lodul
 25692 | D:12     | Killed Lodul
 25693 | D:12     | Reached XP level 13. HP: 59/67 MP: 6/30
 25934 | D:12     | Killed Erolcha
 27488 | D:13     | Reached skill level 15 in Air Magic
 27497 | D:13     | Reached skill level 1 in Evocations
 28341 | D:13     | Noticed Frances
 28347 | D:13     | Killed Frances
 29810 | D:14     | Reached ***** piety under Vehumet
 29899 | D:14     | Found a gate to the Vaults.
 30410 | D:14     | Offered knowledge of Fireball by Vehumet.
 30512 | D:14     | Reached XP level 14. HP: 74/74 MP: 29/32
 31661 | D:14     | Found an ancient bone altar of Kikubaaqudgha.
 32520 | D:14     | Found a hazy altar of Hepliaklqana.
 32520 | D:14     | You are sucked into a shaft and drop 1 floor!
 32520 | D:15     | Entered Level 15 of the Dungeon
 32892 | D:14     | Found a gate to the Vaults.
 33171 | D:14     | Reached skill level 16 in Air Magic
 33764 | D:14     | Found an ancient bone altar of Kikubaaqudgha.
 35269 | D:15     | Offered knowledge of Ozocubu's Refrigeration by Vehumet.
 36231 | D:15     | Reached skill level 15 in Spellcasting
 36384 | D:15     | Found Arehucw's Jewellery Boutique.
 36588 | D:15     | Identified the +3 long sword "Celume" {drain, Contam rElec
                  | rCorr Int+5}
 37188 | D:15     | Reached skill level 10 in Fighting
 37490 | D:15     | Found a staircase to the Depths.
 37982 | Orc:1    | Entered Level 1 of the Orcish Mines
 38308 | Orc:2    | Entered Level 2 of the Orcish Mines
 38308 | Orc:2    | Found Poawkuqo's Jewellery Shop.
 38308 | Orc:2    | Found a staircase to the Elven Halls.
 38564 | Orc:2    | Noticed an orc warlord
 38830 | Orc:1    | Killed an orc warlord
 39448 | Orc:2    | Reached skill level 17 in Air Magic
 39448 | Orc:2    | Reached XP level 15. HP: 80/80 MP: 31/35
 41538 | Orc:2    | Found Ysyh's Book Boutique.
 41538 | Orc:2    | Found Uthrig's Assorted Antiques.
 41538 | Orc:2    | Found Paret's Antique Weapon Shoppe.
 41541 | Orc:2    | Found Wemuurche's Jewellery Shop.
 41729 | Orc:2    | Bought an amulet of magic regeneration for 360 gold pieces
 41827 | Lair:1   | Entered Level 1 of the Lair of Beasts
 42967 | Lair:1   | Found a runed translucent door.
 43420 | Lair:1   | Reached skill level 18 in Air Magic
 43624 | Lair:1   | Identified the amulet of Edosioc {RegenMP Int+2}
 43735 | Lair:2   | Offered knowledge of Conjure Ball Lightning by Vehumet.
 44069 | Lair:2   | Identified the +7 flail of Pafug {heavy, rC+ Will+ Dex+3}
 44233 | Lair:2   | Found a staircase to the Swamp.
 44478 | Lair:2   | Found a blossoming altar of Fedhas.
 45399 | Lair:3   | Found a staircase to the Snake Pit.
 45472 | Lair:3   | Reached skill level 5 in Dodging
 45922 | Lair:3   | Noticed Sonja
 45939 | Lair:3   | Killed Sonja
 46948 | Lair:4   | Found a staircase to the Slime Pits.
 47467 | Lair:5   | Entered Level 5 of the Lair of Beasts
 47706 | Lair:5   | Reached XP level 16. HP: 86/86 MP: 37/37
 47796 | Lair:5   | Reached ****** piety under Vehumet
 47796 | Lair:5   | Offered knowledge of Eringya's Noxious Bog by Vehumet.
 49430 | Lair:5   | Found a runed translucent door.
 49570 | Lair:5   | Identified the +5 hand axe of Ukuaggoib {flame, rC+ rCorr
                  | Str-3}
 50447 | Snake:1  | Entered Level 1 of the Snake Pit
 50485 | Snake:1  | Learned a level 9 spell: Chain Lightning
 50702 | Snake:1  | Reached skill level 19 in Air Magic
 50921 | Snake:1  | Found a runed translucent gate.
 50921 | Snake:1  | Found a runed translucent gate.
 50921 | Snake:1  | Found a runed translucent gate.
 51028 | Snake:1  | Offered knowledge of Lee's Rapid Deconstruction by Vehumet.
 51078 | Snake:1  | Found Dausach's Antique Weapon Shop.
 52789 | Snake:1  | Reached skill level 20 in Air Magic
 53069 | Snake:1  | Found Dausach's Antique Weapon Shop.
 54043 | Snake:2  | Found a blossoming altar of Fedhas.
 54351 | Snake:2  | Offered knowledge of Irradiate by Vehumet.
 54464 | Snake:2  | Identified the +5 shortbow of Qeneargh {heavy, Str+3}
 55027 | Snake:3  | Reached XP level 17. HP: 81/91 MP: 39/39
 56996 | Snake:3  | Found a runed translucent door.
 57522 | Snake:4  | Entered Level 4 of the Snake Pit
 59210 | Snake:4  | Offered knowledge of Plasma Beam by Vehumet.
 60039 | Snake:4  | Got a serpentine rune of Zot
 61458 | Vaults:1 | Entered Level 1 of the Vaults
 61560 | Vaults:1 | Identified the +9 war axe "Goblinbane" {heavy, Str+6}
 62079 | Vaults:1 | Reached skill level 10 in Conjurations
 62085 | Vaults:1 | Reached XP level 18. HP: 98/98 MP: 41/41
 62355 | Vaults:1 | Shot with a bolt by a yaktaur

Illustrated notes

Levels and vault maps discovered:
D:1:      amcnicky_arrival_blooded_trapdoor, layout_loops_corners
D:2:      layout_loops_corners
D:3:      layout_loops_ring, vehumet_statue, uniq_terence
D:4:      cheibrodos_thug_alley, layout_loops_ring, amcnicky_altar_gilded,
          mainiacjoe_overflow_paths, lemuel_doored_altar,
          mainiacjoe_overflow_24_doors, lightli_temple_of_fire,
          minmay_temple_entry_glass, uniq_robin
D:5:      layout_loops_cross
D:6:      layout_loops_cross, hangedman_ru_absence, uniq_crazy_yiuf_cottage,
          uniq_duvessa
D:7:      layout_rooms, chequers_ossuary_entry_cave, uniq_menkaure
D:8:      minmay_the_grid_square_5x5_3x3 [minmay_the_grid_square_5x5_n,
          minmay_the_grid_square_5x5_pentomino_r,
          minmay_the_grid_square_5x5_n_small,
          minmay_the_grid_square_5x5_broken_cross,
          minmay_the_grid_square_5x5_megaprize_diamond,
          minmay_the_grid_square_5x5_two, minmay_the_grid_square_5x5_empty,
          minmay_the_grid_square_5x5_spiral_small,
          minmay_the_grid_square_5x5_longway], layout_basic,
          mainiacjoe_overflow_catwalk, nicolae_gozag_zags_fifth_avenue,
          enter_bailey_2, serial_shops, nicolae_shop_tiny_waterfront,
          uniq_prince_ribbit1, uniq_joseph
D:9:      layout_loops_cross, xom_shifter_show, tso_oasis_becter, serial_shops,
          nicolae_shop_back_alley_shop
D:10:     layout_irregular_city, lair_entry_dummy, orc_david_3,
          serial_bayou_lake_a, uniq_fannar
D:11:     layout_basic, serial_shops, shop, serial_curves, eino_curves_02,
          eino_curves_04, uniq_josephine, uniq_urug
D:12:     layout_layer_cave, gammafunk_ghost_hive, uniq_gastronok, uniq_erolcha,
          uniq_lodul
D:13:     layout_cave_pools, small_statue_intersection, elves_outpost_lemuel,
          uniq_frances
D:14:     layout_roguey [special_room_mythical_zoo], erik_vaults_2,
          nzn_hepliaklqana_mist_gate, kiku_gazebo_garden_becter
D:15:     hangedman_depths_entry_try_elsewhere_first, layout_basic,
          minivault_23, serial_shops, nicolae_shop_waterfront,
          grunt_ministairs_2
Temple:   chequers_temple_sunken
Lair:1:   gammafunk_lair_enchanted_lake, layout_loops_ring, lemuel_fruit_tree,
          serial_bayou_shore_a
Lair:2:   layout_cave_pods, minmay_swamp_entry_worms, basic_altar
Lair:3:   layout_gridlike, minmay_snake_entry_guardpost_medium, uniq_sonja
Lair:4:   layout_regular_city, slime_entry_1
Lair:5:   wormcave, layout_regular_city, hangedman_lair_caniforms_friends,
          infiniplex_staircase_pool_2, grunt_megastairs_4
Snake:1:  layout_chambers, serial_shops, shop, nicolae_snake_horde_hoard
Snake:2:  layout_onion, basic_altar, st_stairs_1
Snake:3:  cheibrodos_toxic_ritual, layout_misc_corridors
Snake:4:  snake_pit, layout_layer_cave
Orc:1:    layout_caves
Orc:2:    st_orc_rangers, layout_diamond_mine, serial_shops, shop,
          bh_open_orc_temple
Vaults:1: ontoclasm_vaults_misaligned, nicolae_vaults_network_barrier,
          grunt_vaults_trifunnel, v_misc_33, dpeg_vaults_monster_box,
          nicolae_vaults_shelves_hall, nicolae_vaults_little_squares_5,
          nicolae_vaults_storing_the_good_stuff, v_misc_1, layout_vaults_ring

Skill      XL: |  1  2  3  4  5  6  7  8  9 10 11 12 13 14 15 16 17 |
---------------+----------------------------------------------------+-----
Fighting       | 1 2 3 5 7 8 10 11 12 | 12.0
Transmutations | 3 |  3.0
Dodging        | 3 6 |  6.0
Spellcasting   | 3 4 5 7 9 10 12 13 15 16 17 18 | 18.0
Throwing       | 1 |  1.0
Air Magic      | 1 2 3 5 7 9 10 13 14 15 17 18 20 | 20.0
Conjurations   | 2 4 5 10 | 10.4
Ice Magic      | 2 3 5 |  5.0
Evocations     | 4 |  4.0
Unarmed Combat | |  2.5

Action                     |  1- 3 |  4- 6 |  7- 9 | 10-12 | 13-15 | 16-18 || total
---------------------------+-------+-------+-------+-------+-------+-------++-------
  Melee: Unarmed           |    41 |       |       |       |       |       ||    41
         Kick              |     5 |       |       |       |       |       ||     5
         Headbutt          |     4 |       |       |       |       |       ||     4
         Dagger            |       |    11 |       |       |       |       ||    11
         Mace              |       |       |     1 |       |       |       ||     1
         Staff             |       |       |       |     5 |    13 |     7 ||    25
  Throw: Dart              |     6 |     2 |     7 |       |    12 |     2 ||    29
   Cast: Beastly Appendage |    14 |       |       |       |       |       ||    14
         Shock             |   122 |   204 |     6 |       |     1 |     1 ||   334
         Airstrike         |       |     7 |   153 |   273 |   690 |   672 ||  1795
         Freezing Cloud    |       |       |       |    24 |    83 |    88 ||   195
         Maxwell's Capacit |       |       |       |       |    46 |    28 ||    74
  Evoke: Wand              |       |       |       |     1 |     3 |     1 ||     5
         Box of beasts     |       |       |       |     1 |       |       ||     1
         Phantom mirror    |       |       |       |     1 |       |       ||     1
    Use: Potion            |       |     2 |     1 |     2 |       |       ||     5
         Scroll            |       |       |    23 |     7 |     4 |     5 ||    39
   Stab: Sleeping          |     1 |       |     1 |     1 |       |       ||     3
 Armour: Robe              |     8 |     7 |     2 |     9 |    21 |    29 ||    76
  Dodge: Dodged            |    66 |    47 |     7 |    44 |   120 |   143 ||   427
  Block: Other             |       |       |       |     2 |    35 |       ||    37
         Reflection        |       |       |       |     1 |    14 |       ||    15
